 Dungeon Crawl Stone Soup version 0.18-a0-1291-g395b48e (webtiles) character file.

2552 Herrn the Chopper (level 9, 0/69 HPs)
             Began as a Formicid Fighter on Feb 9, 2016.
             Slain by an orc warrior
             ... wielding a +0 broad axe
              (6 damage)
             ... in a bailey.
             The game lasted 00:19:54 (7872 turns).

Herrn the Chopper (Formicid Fighter)                Turns: 7872, Time: 00:19:55

Health: 0/69       AC: 12    Str: 23    XL:     9   Next: 86%
Magic:  9/9        EV: 11    Int:  9    God:
Gold:   298        SH: 11    Dex: 14    Spells: 1 memorised, 2 levels left

rFire  . . .     SeeInvis +     B - -1 broad axe (curse)
rCold  . . .     Gourm    .     F - +0 scale mail "Iceo" {Dex+4} (curse)
rNeg   . . .     Faith    .     c - +0 shield
rPois  +         Spirit   .     (helmet unavailable)
rElec  .         Dismiss  .     (no cloak)
rCorr  .         Reflect  .     G - +0 pair of gloves
SustAt .         Harm     .     (no boots)
MR     .....                    (no amulet)
Stlth  ..........               C - +3 ring of protection
                                i - ring of poison resistance

@: not resistant to hostile enchantments, extremely unstealthy
A: permanent stasis, dig shafts and tunnels, four strong arms, antennae 3,
screaming 1
a: Dig, Shaft Self


You were in a bailey.
You were hungry.

You visited 2 branches of the dungeon, and saw 8 of its levels.
You also visited: Bailey.

You collected 298 gold pieces.

Inventory:

Hand Weapons
 a - a +0 war axe
 h - a +0 flail of protection
 x - a +1 hand axe of freezing
 B - a cursed -1 broad axe (weapon)
Armour
 b - a +0 scale mail
 c - a +0 shield (worn)
 o - a +0 pair of gloves
 E - a +0 chain mail
 F - the cursed +0 scale mail "Iceo" (worn) {Dex+4}
   (You found it on level 6 of the Dungeon)

   It affects your dexterity (+4).
   It has a curse placed upon it.
 G - a +0 pair of gloves (worn)
Jewellery
 i - a ring of poison resistance (left hand)
 l - an uncursed amulet of dismissal
 z - an uncursed ring of sustain attributes
 C - a +3 ring of protection (right hand)
Wands
 w - a wand of flame (21/48)
Scrolls
 e - a scroll of blinking
 g - a scroll of immolation {unknown}
 j - 2 scrolls of remove curse {unknown}
 n - a scroll of fear
 p - a scroll of noise
 q - 3 scrolls of enchant armour {unknown}
 s - a scroll of magic mapping
 u - 5 scrolls of teleportation {unknown}
 y - 2 scrolls of random uselessness {unknown}
 M - 2 scrolls of enchant weapon {unknown}
Potions
 m - a potion of curing
 v - 2 potions of ambrosia
 A - 2 potions of flight
 J - a potion of resistance
 L - a potion of heal wounds
Books
 k - a book of Maledictions

   Spells                             Type                      Level
   a - Corona                         Hexes                        1
   b - Ensorcelled Hibernation        Hexes/Ice                    2
   c - Confuse                        Hexes                        3
   d - Tukima's Dance                 Hexes                        3
   e - Dazzling Spray                 Conjuration/Hexes            3
 r - a book of the Earth

   Spells                             Type                      Level
   a - Leda's Liquefaction            Hexes/Earth                  4
   b - Bolt of Magma                  Conjuration/Fire/Earth       5
   c - Statue Form                    Transmutation/Earth          6
   d - Iron Shot                      Conjuration/Earth            6
   e - Shatter                        Earth                        9
 D - an Akashic Record

   Spells                             Type                      Level
   a - Dispersal                      Translocation                6
   b - Malign Gateway                 Summoning/Translocation      7
   c - Disjunction                    Translocation                8
   d - Controlled Blink               Translocation                8
 H - a book of Minor Magic

   Spells                             Type                      Level
   a - Magic Dart                     Conjuration                  1
   b - Blink                          Translocation                2
   c - Call Imp                       Summoning                    2
   d - Repel Missiles                 Charms/Air                   2
   e - Slow                           Hexes                        2
   f - Conjure Flame                  Conjuration/Fire             3
   g - Mephitic Cloud                 Conjuration/Poison/Air       3
Comestibles
 f - 4 bread rations
 t - a fruit
 N - 4 chunks of flesh


   Skills:
 + Level 5.9 Fighting
 * Level 7.8 Axes
 + Level 7.3 Armour
 + Level 4.0 Dodging
 + Level 6.5 Shields
 * Level 2.2 Earth Magic


You had 2 spell levels left.
You knew the following spells:

 Your Spells              Type           Power        Failure   Level  Hunger
a - Statue Form           Trmt/Erth      #........    100%        6    #######


Dungeon Overview and Level Annotations

Branches:
Dungeon (7/15)             Temple (1/1) D:7

Altars:
Ashenzari
Cheibriados
Dithmenos
Elyvilon
Fedhas
Gozag
Kikubaaqudgha
Makhleb
Nemelex Xobeh
Pakellas
Qazlal
Ru
Sif Muna
Trog
Vehumet
Xom
The Shining One
Jiyva


Innate Abilities, Weirdness & Mutations

You are under a permanent stasis effect.
You can dig through walls and to a lower floor.
Your four strong arms can wield two-handed weapons with a shield.
You have a pair of large antennae on your head (SInv).
You occasionally shout uncontrollably at your foes.


Message History

The orc knight hits you with a broad axe!!
Found a leather armour and an Akashic Record.
The orc warlord roars a battlecry!
The orcs go into a battle-frenzy!
You block the orc warrior's attack. The orc knight misses you.
You block the orc knight's attack. The orc warrior closely misses you.
The orc warlord hits you with a long sword!!
* * * LOW HITPOINT WARNING * * *
The orc warrior hits you with a broad axe!
* * * LOW HITPOINT WARNING * * *
The hobgoblin barely misses you.
You hit the orc knight but do no damage.
You hit the orc warrior but do no damage.
You barely miss the hobgoblin. You hit the orc warlord.
The orc warlord is lightly wounded.
You closely miss the orc warrior.
The hobgoblin hits you but does no damage.
The orc warrior hits you with a broad axe.
You die...

#......)'{{.......).......#
#......)##.......##.......##
.........#.......#.........#
.........##88.88##.........##
....⌠.....###'###....o⌠.....#
.........###...###.........##
......o..#.......#...o.....#
#...o...##.....oo##))..{..##
#.......#......o@.#.).....#
##.....##......go.##)....##
##'####.......o...####)##
##.....##.........##..).)##
#.......#.........#..)....#
#.......##.......##.......##
.........#[.....:#.........#
.........##.....##.).......#
....⌠..o..#######{....⌠.....#


You could see an orc warlord, 2 orc knights, 2 orc warriors and a hobgoblin.

Vanquished Creatures
  Sigmund (D:4)
  A hungry ghost (D:5)
  Edmund (D:4)
  6 orc warriors
  A phantom (D:6)
  The ghost of namelastname112 the Conjurer, an amateur DrCj (D:3)
  A centaur (D:6)
  2 ogres
  Blork the orc (D:4)
  2 scorpions
  A giant frog zombie (D:5)
  3 orc priests
  A centaur skeleton (D:5)
  2 hounds
  A jelly (D:5)
  A giant frog skeleton (D:4)
  7 orc wizards
  4 iguanas
  2 worker ants (D:5)
  A hound skeleton (D:4)
  8 adders
  14 gnolls
  8 worms
  2 giant geckos
  34 orcs
  6 giant cockroaches
  30 goblins
  27 hobgoblins
  8 kobolds
  2 quokkas
  A ball python (D:4)
  7 bats
  7 giant newts
  A quokka skeleton (D:5)
  5 rats
200 creatures vanquished.

Notes
Turn   | Place    | Note
--------------------------------------------------------------
     0 | D:1      | Herrn the Formicid Fighter began the quest for the Orb.
     0 | D:1      | Reached XP level 1. HP: 18/18 MP: 1/1
   123 | D:1      | Reached XP level 2. HP: 20/24 MP: 2/2
   328 | D:1      | Reached XP level 3. HP: 19/29 MP: 3/3
   662 | D:2      | Reached skill level 4 in Shields
   807 | D:2      | Found a shattered altar of Ashenzari.
   997 | D:2      | Found a deep blue altar of Sif Muna.
  1551 | D:2      | Reached skill level 1 in Dodging
  1587 | D:2      | Found a bloodstained altar of Trog.
  1770 | D:2      | Reached XP level 4. HP: 35/35 MP: 4/4
  1812 | D:3      | Reached XP level 5. HP: 31/41 MP: 5/5
  2300 | D:3      | Found a glowing golden altar of the Shining One.
  2337 | D:3      | Found a radiant altar of Vehumet.
  2373 | D:3      | Found a blossoming altar of Fedhas.
  2397 | D:3      | Noticed namelastname112's ghost (amateur DrCj)
  2699 | D:3      | Killed namelastname112's ghost
  2699 | D:3      | Reached XP level 6. HP: 26/48 MP: 6/6
  2956 | D:4      | Noticed Blork the orc
  2960 | D:4      | Noticed Edmund
  2970 | D:4      | Killed Blork the orc
  3012 | D:4      | Killed Edmund
  3012 | D:4      | Reached XP level 7. HP: 33/54 MP: 7/7
  3175 | D:4      | Found a white marble altar of Elyvilon.
  3288 | D:4      | Noticed Sigmund
  3307 | D:4      | Killed Sigmund
  3307 | D:4      | Reached skill level 5 in Armour
  3307 | D:4      | Reached skill level 5 in Shields
  3597 | D:4      | Found a shattered altar of Ashenzari.
  3601 | D:4      | Saw a vision of the Shoals and the Snake Pit.
  3601 | D:4      | Noticed a shock serpent
  3601 | D:4      | Noticed a naga mage
  3601 | D:4      | Noticed a merfolk
  3602 | D:4      | Noticed an anaconda
  3602 | D:4      | Noticed a sea snake
  3603 | D:4      | Noticed a merfolk
  3604 | D:4      | Noticed a hippogriff
  3626 | D:4      | Reached skill level 5 in Axes
  3708 | D:4      | Reached XP level 8. HP: 45/61 MP: 8/8
  3983 | D:5      | Entered Level 5 of the Dungeon
  4081 | D:5      | Found an opulent altar of Gozag.
  4312 | D:5      | Reached skill level 6 in Armour
  4401 | D:4      | Found a snail-covered altar of Cheibriados.
  4466 | D:5      | Found a sacrificial altar of Ru.
  4523 | D:5      | Reached skill level 5 in Fighting
  5630 | D:5      | Reached XP level 9. HP: 68/68 MP: 9/9
  5715 | D:6      | Got an ichor-stained scale mail
  5726 | D:6      | Identified the cursed +0 scale mail "Iceo" {Dex+4} (You found it on level 6 of the Dungeon)
  6045 | D:6      | Reached skill level 7 in Axes
  6613 | D:6      | Learned a level 6 spell: Statue Form
  6739 | D:7      | Found a staircase to the Ecumenical Temple.
  6748 | Temple   | Entered the Ecumenical Temple
  6828 | D:7      | Found a flagged portal.
  6843 | Bailey   | Entered a bailey
  7191 | Bailey   | Reached skill level 1 in Earth Magic
  7655 | Bailey   | Noticed an orc warlord
  7658 | Bailey   | Noticed an orc knight
  7725 | Bailey   | Gained mutation: You possess an exceptional clarity of mind. [potion of mutation]
  7725 | Bailey   | Lost mutation: You possess an exceptional clarity of mind. [potion of mutation]
  7725 | Bailey   | Gained mutation: You occasionally shout uncontrollably at your foes. [potion of mutation]
  7859 | Bailey   | Noticed an orc knight
  7872 | Bailey   | Slain by an orc warrior

Vault maps used:
D:1:      nicolae_arrival_washed_ashore
D:2:      lightli_temple_of_fire, nicolae_overflow_crystal_walls,
          nicolae_overflow_hidden_temple, first_bread
D:3:      marbit_many_paths, lemuel_round_altar, fedhas_altar_3
D:4:      lemuel_upstairs_altar, kennysheep_mini_moat,
          grunt_ashenzari_visionary, uniq_edmund, uniq_sigmund,
          uniq_blork_the_orc
D:5:      nicolae_ru_sacrificial_ziggurat, kennysheep_mini,
          minmay_misc_feat_chi, serial_bayou_lake_a
D:7:      lemuel_crystal_altar, enter_bailey_3
Temple:   pf_slimified_temple
Bailey:   bailey_axe_minmay_hex_keep, bailey

Action                   |  1- 3 |  4- 6 |  7- 9 || total
-------------------------+-------+-------+-------++-------
Melee: War axe           |   134 |   142 |   193 ||   469
       Hand axe          |       |       |   259 ||   259
       Broad axe         |       |       |    46 ||    46
 Abil: Dig               |     2 |     2 |     4 ||     8
  Use: Potion            |       |     6 |     5 ||    11
       Scroll            |       |       |     6 ||     6
  Eat: Bread ration      |     1 |       |     1 ||     2
       Chunk             |       |     3 |    14 ||    17
       Meat ration       |       |       |     1 ||     1
       Fruit             |       |       |     2 ||     2
       Beef jerky        |       |       |     1 ||     1
